 Dungeon Crawl Stone Soup version 0.24.0-123-gd5b16e6ec5 (webtiles) character file.

Game seed: 14616194010527397864, levelgen mode: deterministic

61 anderalex17 the Chopper (level 3, -1/31 HPs)
             Began as a Draconian Berserker on Feb 9, 2020.
             Was a Follower of Trog.
             Slain by a gnoll
             ... wielding a +0 halberd
              (8 damage)
             ... on level 2 of the Dungeon.
             The game lasted 00:20:28 (1284 turns).

anderalex17 the Chopper (Draconian Berserker)       Turns: 1284, Time: 00:20:29

Health: -1/31      AC:  5    Str: 20    XL:     3   Next: 83%
Magic:  3/3        EV: 12    Int:  7    God:    Trog [*.....]
Gold:   104        SH:  0    Dex: 10    Spells: 2/2 levels left

rFire    . . .     SeeInvis .   a - +0 hand axe
rCold    . . .     Gourm    .   (no shield)
rNeg     . . .     Faith    .   (armour unavailable)
rPois    .         Spirit   .   (helmet restricted)
rElec    .         Reflect  .   (no cloak)
rCorr    .         Harm     .   (no gloves)
MR       .....                  (no boots)
Stlth    +.........             (no amulet)
HPRegen  0.10/turn              (no ring)
MPRegen  0.08/turn              (no ring)

@: no status effects
A: unfitting armour, cold-blooded, AC +5
a: Berserk, Renounce Religion


You were on level 2 of the Dungeon.
You worshipped Trog.
Trog was aware of your devotion.
You were hungry.

You visited 1 branch of the dungeon, and saw 3 of its levels.

You collected 104 gold pieces.

Inventory:

Hand Weapons
 a - a +0 hand axe (weapon)
Jewellery
 g - an uncursed ring of protection from fire {unknown}
Scrolls
 f - a scroll of immolation {unknown}
 h - a scroll of magic mapping {unknown}
 i - 2 scrolls of identify {unknown}
 j - a scroll of teleportation {unknown}
Potions
 c - a potion of might {unknown}
 d - 2 potions of flight {unknown}
 e - a potion of lignification {unknown}
Comestibles
 b - 6 rations


   Skills:
 - Level 3.3 Fighting
 + Level 4.7 Axes
 - Level 2.7 Dodging


You had 2 spell levels left.
You didn't know any spells.
Your spell library was empty.

Dungeon Overview and Level Annotations

Branches:
Dungeon (3/15)

Altars:


Innate Abilities, Weirdness & Mutations

Your plain brown scales are hard. (AC +5)
You cannot fit into any form of body armour.
You are cold-blooded and may be slowed by cold attacks.


Message History

You hit the gnoll.
Your tail-slap misses the gnoll.
The gnoll is moderately wounded.
The gnoll closely misses you.
The gnoll hits you from afar with a +0 halberd.
You closely miss the gnoll.
The gnoll is moderately wounded.
The gnoll hits you with a +0 flail. The gnoll misses you.
You hit the gnoll but do no damage.
The gnoll is moderately wounded.
The gnoll hits you with a +0 flail!
* * * LOW HITPOINT WARNING * * *
The gnoll closely misses you.
You hit the gnoll.
The gnoll is severely wounded.
The gnoll barely misses you.
You hit the gnoll.
You kill the gnoll!
Trog accepts your kill.
The gnoll hits you from afar with a +0 halberd!
You die...

#########......>...........
............#..###.........
#########.#.#...####+##....
+ #.#.#.#.## ... #
#.#.#....# .) # #.#.###..#
# #.#......# # ..######.#
### #@# # #)###..###
#gg....... #g####.### ...#
..$..# #.g...# #......
#g....#


You could see 3 gnolls.

Vanquished Creatures
  Crazy Yiuf (D:2)
  A gnoll (D:2)
  2 oozes
  A leopard gecko (D:3)
  2 bats (D:2)
  A giant cockroach (D:1)
  2 hobgoblins (D:1)
  2 jackals (D:2)
  A kobold (D:1)
  A frilled lizard (D:1)
  A quokka zombie (D:2)
  A rat (D:1)
16 creatures vanquished.

Notes
Turn   | Place    | Note
-------+----------+-------------------------------------------
     0 | D:1      | anderalex17 the Draconian Berserker began the quest for the
                  | Orb.
     0 | D:1      | Reached XP level 1. HP: 19/19 MP: 1/1
   211 | D:1      | Reached XP level 2. HP: 26/26 MP: 2/2
  1025 | D:2      | Found a runed translucent door.
  1026 | D:2      | Noticed Crazy Yiuf
  1035 | D:2      | Killed Crazy Yiuf
  1035 | D:2      | Reached skill level 4 in Axes
  1035 | D:2      | Reached XP level 3. HP: 23/31 MP: 3/3
  1284 | D:2      | Slain by a gnoll

Levels and vault maps discovered:
D:1:      evilmike_arrival_hilbert_curve, layout_basic, serial_rivers,
          chequers_serial_rivers_room_a, chequers_serial_rivers_micro_c,
          chequers_serial_rivers_micro_e, chequers_serial_rivers_small_3,
          chequers_serial_rivers_small_b, chequers_serial_rivers_micro_d
D:2:      layout_basic, nicolae_overflow_crystal_walls, uniq_crazy_yiuf_cottage
D:3:      layout_loops_corners, nicolae_ru_great_annihilating_truth,
          old_standard_altar, lemuel_crystal_altar, first_ration,
          kennysheep_generic_room_12

Skill      XL: |  1  2 |
---------------+-------+-----
Axes           | 4 |  4.7
Fighting       | |  3.3
Dodging        | |  2.7

Action                   || total
-------------------------++-------
Melee: Hand axe          ||    46
       Tailslap          ||     6
Invok: Berserk           ||     3
  Use: Scroll            ||     2
  Eat: Chunk             ||     3
Armor: Skin              ||    15
Dodge: Dodged            ||    36
